 Dungeon Crawl Stone Soup version 0.29.1-1-gd02db6906a (webtiles) character file.

Game seed: 18009486381238365786

15 gzilladon the Chopper (level 2, -5/27 HPs)
             Began as a Hill Orc Monk on Sept 23, 2022.
             Slain by Natasha (8 damage)
             ... on level 2 of the Dungeon.
             The game lasted 00:01:43 (716 turns).

gzilladon the Chopper (Hill Orc Monk)                Turns: 716, Time: 00:01:44

Health: -5/27      AC:  8    Str: 13    XL:     2   Next: 50%
Magic:  2/2        EV:  6    Int: 10    God:
Gold:   22         SH:  0    Dex: 13    Spells: 1/1 levels left

rFire   + . .      SeeInvis .   a - +0 hand axe
rCold   x . .      Faith    .   (no shield)
rNeg    . . .      Spirit   .   l - +0 chain mail
rPois   .          Reflect  .   (no helmet)
rElec   .          Harm     .   (no cloak)
rCorr   .          Rampage  .   (no gloves)
Will    .....                   (no boots)
Stlth   ..........              (no amulet)
HPRegen 0.09/turn               j - ring of fire
MPRegen 0.08/turn               (no ring)

@: slowed, very slow
A: no striking features
a: no special abilities


You were on level 2 of the Dungeon.
You visited 1 branch of the dungeon, and saw 2 of its levels.

You collected 22 gold pieces.

Inventory:

Hand Weapons
 a - a +0 hand axe (weapon)
Missiles
 d - 9 stones (quivered)
Armour
 b - a +0 robe
 k - a +0 ring mail
 l - a +0 chain mail (worn)
Jewellery
 j - a ring of fire (left hand)
Scrolls
 e - a scroll of identify {unknown}
 g - a scroll of brand weapon {unknown}
 i - a scroll of poison {unknown}
Potions
 c - a potion of ambrosia
 f - 2 potions of curing {unknown}
 h - a potion of flight {unknown}


   Skills:
 + Level 4.0 Fighting
 + Level 4.4 Axes
 + Level 2.6 Dodging
 - Level 1.5 Stealth


You had one spell level left.
You didn't know any spells.
Your spell library was empty.

Dungeon Overview and Level Annotations

Branches:
Dungeon (2/15)

Altars:

Annotations:
D:2 Natasha


Message History

Natasha is severely wounded.
Natasha claws you but does no damage. Natasha claws you!
You closely miss Natasha.
Natasha is severely wounded.
Natasha mumbles some strange words.
You barely miss the shadow imp. You hit Natasha but do no damage.
The shadow imp hits you but does no damage.
Natasha mewls in sadness.
Natasha claws you.
You hit the shadow imp.
The shadow imp is lightly wounded.
You barely miss Natasha. The shadow imp barely misses you. Natasha claws you!
* * * LOW HITPOINT WARNING * * *
You barely miss the shadow imp.
The shadow imp is lightly wounded.
You barely miss Natasha. The shadow imp gestures at you.
You barely resist. Natasha closely misses you.
You barely miss Natasha.
Natasha is severely wounded.
You closely miss the shadow imp.
Natasha casts a spell.
The shadow imp hits you but does no damage.
You hit Natasha but do no damage.
Natasha is severely wounded.
You hit the shadow imp but do no damage.
You hit the crimson imp but do no damage.
Natasha stares at you and mumbles some strange words.
You feel yourself slow down.
The shadow imp hits you but does no damage.
The crimson imp shouts, "Get thee gone, thou loggerheaded crook-pated bladder!"
The crimson imp hits you but does no damage.
A giant cockroach comes into view.
The crimson imp shouts, "Away with thee, thou surly tip-merry bootlicker!"
Natasha claws you but does no damage.
The shadow imp attacks as you move away!
The shadow imp hits you.
* * * LOW HITPOINT WARNING * * *
Natasha claws you!
You die...

#.... #.... #....
#########....
#............ ..
#............ #..#####
#............ #.B..@#
#............
#######h####............
......555...†...........
...[.##.†.##............
#### #......########....
#......# ##### #......#
# #......# . #.$....# ##


You could see Natasha (strong), 2 crimson imps, a shadow imp (summoned) and a
giant cockroach.

Vanquished Creatures
  A dart slug (D:1)
  A bat (D:2)
  An endoplasm (D:1)
  A giant cockroach (D:2)
  4 jackals (D:2)
  A kobold (D:1)
  A ball python (D:2)
  A rat (D:2)
11 creatures vanquished.

Notes
Turn   | Place    | Note
-------+----------+-------------------------------------------
     0 | D:1      | gzilladon the Hill Orc Monk began the quest for the Orb.
     0 | D:1      | Reached XP level 1. HP: 19/19 MP: 1/1
   645 | D:2      | Reached XP level 2. HP: 25/27 MP: 2/2
   697 | D:2      | Noticed Natasha
   706 | D:2      | Noticed a crimson imp
   714 | D:2      | Noticed a crimson imp
   716 | D:2      | Slain by Natasha

Illustrated notes

Levels and vault maps discovered:
D:1:      psy_arrival_dodecagon, layout_basic, ebering_ecumenical_altar_rust,
          minmay_misc_feat_room, columned_hall_lemuel
D:2:      layout_basic, serial_shops, nicolae_shop_behind_doors, uniq_natasha

Skill      XL: |  1  2 |
---------------+-------+-----
Fighting       | 4 |  4.0
Axes           | |  4.4
Dodging        | |  2.6
Stealth        | |  1.5

Action                   || total
-------------------------++-------
Melee: Hand axe          ||    49
       Punch             ||     1
Armor: Robe              ||     2
       Chain mail        ||    21
Dodge: Dodged            ||    20
